 Dungeon Crawl Stone Soup version 0.22.1-1-ga44c0e5 (webtiles) character file.

3465 whitewolfNL the Covert (level 10, -9/77 HPs)
             Began as a Gnoll Assassin on Sept 19, 2018.
             Was a Priest of Trog.
             Mangled by a komodo dragon (22 damage)
             ... on level 1 of the Lair of Beasts on Sept 20, 2018.
             The game lasted 02:01:48 (11406 turns).

whitewolfNL the Covert (Gnoll Assassin)            Turns: 11406, Time: 02:01:49

Health: -9/77      AC:  9    Str: 16    XL:     10   Next: 6%
Magic:  17/17      EV: 14    Int: 13    God:    Trog [***...]
Gold:   448        SH:  0    Dex: 18    Spells: 18/18 levels left

rFire    . . .     SeeInvis +   O - +0 rapier (drain)
rCold    + . .     Gourm    .   (no shield)
rNeg     . . .     Faith    .   v - +0 ring mail (curse)
rPois    .         Spirit   .   C - +0 helmet
rElec    .         Reflect  .   d - +0 cloak
rCorr    .         Harm     .   q - +0 pair of gloves
MR       .....                  (no boots)
Stlth    ++++......             (no amulet)
HPRegen  0.22/turn              e - ring of see invisible
MPRegen  0.15/turn              J - ring of protection from cold

@: about to teleport
A: distributed training, fangs 1, strong nose
a: Berserk, Trog's Hand, Renounce Religion


You were on level 1 of the Lair of Beasts.
You worshipped Trog.
Trog was most pleased with you.
You were not hungry.

You visited 3 branches of the dungeon, and saw 10 of its levels.

You collected 448 gold pieces.

Inventory:

Hand Weapons
 b - a +0 blowgun
 A - a +2 flail of venom
 G - a +2 flail of protection
 O - a +0 rapier of draining (weapon)
 R - a +2 dagger of chaos
 Z - a +2 short sword of venom
Missiles
 h - 158 bolts
 m - 247 stones
 n - 5 tomahawks (quivered)
 y - 9 poisoned needles
 B - 8 poisoned javelins
 D - 2 curare-tipped needles
 F - 21 sling bullets
 Q - 52 arrows
Armour
 d - a +0 cloak (worn)
 j - a +0 cloak
 p - a +0 chain mail
 q - a +0 pair of gloves (worn)
 s - a +0 ring mail
 v - a cursed +0 ring mail (worn)
 w - a +0 scale mail
 C - a +0 helmet (worn)
 E - a +0 cloak
 N - a +2 cloak
Jewellery
 e - a ring of see invisible (left hand)
 J - a ring of protection from cold (right hand)
Scrolls
 a - 5 scrolls of enchant weapon
 i - a scroll of identify
 l - 2 scrolls of magic mapping
 u - a scroll of blinking {unknown}
 x - 5 scrolls of remove curse
 K - a scroll of immolation
 L - 7 scrolls of teleportation
 M - a scroll of fear {unknown}
Potions
 c - a potion of mutation {unknown}
 f - a potion of invisibility {unknown}
 o - a potion of cancellation
 r - 3 potions of curing
 t - 2 potions of berserk rage
 I - a potion of might {unknown}
 P - a potion of heal wounds {unknown}
 U - 2 potions of resistance
Comestibles
 g - 3 rations
 k - 4 chunks of flesh


   Skills:
 + Level 6.7 Fighting
 + Level 6.7 Short Blades
 + Level 4.8 Long Blades
 + Level 4.8 Axes
 + Level 4.8 Maces & Flails
 + Level 4.8 Polearms
 + Level 4.8 Staves
 + Level 4.8 Slings
 + Level 4.8 Bows
 + Level 4.8 Crossbows
 + Level 6.7 Throwing
 + Level 4.8 Armour
 + Level 5.5 Dodging
 + Level 9.2 Stealth
 + Level 4.8 Shields
 + Level 4.8 Unarmed Combat
 + Level 4.8 Spellcasting
 + Level 4.0 Conjurations
 + Level 4.0 Hexes
 + Level 4.0 Charms
 + Level 4.0 Summonings
 + Level 4.0 Necromancy
 + Level 4.0 Translocations
 + Level 4.0 Transmutations
 + Level 4.0 Fire Magic
 + Level 4.0 Ice Magic
 + Level 4.0 Air Magic
 + Level 4.0 Earth Magic
 + Level 4.0 Poison Magic
 + Level 5.3 Invocations
 + Level 4.8 Evocations


You had 18 spell levels left.
You didn't know any spells.
Your spell library contained the following spells:

 Spells                   Type           Power        Failure   Level  Hunger
 Animate Skeleton         Necr           N/A          7%          1    None
 Beastly Appendage        Tmut           ##....       7%          1    None
 Pain                     Necr           ##..         7%          1    None
 Sticks to Snakes         Tmut           ##......     10%         2    ##.....
 Regeneration             Chrm/Necr      ##........   21%         3    ###....
 Spider Form              Tmut/Pois      ##........   21%         3    ###....
 Vampiric Draining        Necr           ##........   21%         3    ###....
 Animate Dead             Necr           N/A          54%         4    ####...
 Ice Form                 Ice/Tmut       ##......     54%         4    ####...
 Blade Hands              Tmut           ##........   88%         5    ######.


Dungeon Overview and Level Annotations

Branches:
Dungeon (8/15)             Temple (1/1) D:7            Lair (1/6) D:8

Altars:
Ashenzari
Cheibriados
Dithmenos
Elyvilon
Fedhas
Gozag
Hepliaklqana
Kikubaaqudgha
Makhleb
Nemelex Xobeh
Okawaru
Qazlal
Ru
Sif Muna
Trog
Uskayaw
Vehumet
Wu Jian
Xom
Yredelemnul
Zin
The Shining One
Jiyva

Shops:
D:4 *

Annotations:
D:6 Menkaure
D:7 2 transporters, Bugsquash's ghost, novice OpAs


Innate Abilities, Weirdness & Mutations

Your experience applies equally to all skills.
You have very sharp teeth.
Your uncanny sense of smell can sniff out nearby items.


Message History

The wolf misses you. The wolf bites you. x2
* * * LOW HITPOINT WARNING * * *
The komodo dragon bites you.
* * * LOW HITPOINT WARNING * * *
The wolf closely misses you. The wolf bites you but does no damage.
As you read the scroll of teleportation, it crumbles to dust.
You feel strangely unstable. The wolf barely misses you. The wolf misses you.
The wolf closely misses you.
A wolf comes into view.
The wolf bites you but does no damage. The komodo dragon barely misses you.
The wolf bites you.
* * * LOW HITPOINT WARNING * * *
The wolf bites you.
* * * LOW HITPOINT WARNING * * *
As you read the scroll of summoning, it crumbles to dust.
Wisps of shadow whirl around you... The wolf bites you.
* * * LOW HITPOINT WARNING * * *
The wolf barely misses you. The wolf closely misses you.
The komodo dragon bites you!!
You die...

.....#......#...
...........#...#
#.........#
#..<.Y.### ∆
#......# #...Y..#
#...Y#F##∆ #
.#.####...S.hh#h.#..
.........Y..@lhh.h..
..........Yh#hh##...
..........P.###...
..........?.# #..#
##..###.....# ##
.... .PS.....# ...
..........# ..
..P........
S#........


You could see a komodo dragon, a water moccasin, 7 wolves, 2 hounds, 5 friendly
yaks, a friendly spiny frog and a friendly water moccasin.

Vanquished Creatures
  Pikel (D:6)
  Grinder (D:6)
  3 hippogriffs (D:8)
  A wraith (D:8)
  A hungry ghost (D:8)
  2 orc warriors
  A slave (D:6)
  A wolf (Lair:1)
  An ogre (D:5)
  A centaur (D:8)
  A bullfrog (D:8)
  2 water moccasin skeletons
  3 scorpions
  A howler monkey (D:4)
  5 crimson imps
  7 orc wizards
  5 hounds
  6 orc priests
  5 bullfrog skeletons
  An iguana (D:8)
  2 worker ants
  2 hound zombies
  Robin (D:1)
  11 adders
  8 gnolls
  An ooze (D:2)
  2 worms (D:4)
  2 dart slugs
  3 leopard geckos
  23 orcs
  4 ball pythons
  2 giant cockroaches
  17 goblins
  9 hobgoblins
  18 jackals
  2 quokkas
  A ball python skeleton (D:4)
  2 bats (D:3)
  7 frilled lizards
  4 kobolds
  2 quokka skeletons
  4 rats (D:3)
176 creatures vanquished.

Vanquished Creatures (others)
  A slave (D:6)
  A leopard gecko (D:6)
2 creatures vanquished.

Grand Total: 178 creatures vanquished

Notes
Turn   | Place    | Note
-------+----------+-------------------------------------------
     0 | D:1      | whitewolfNL the Gnoll Assassin began the quest for the Orb.
     0 | D:1      | Reached XP level 1. HP: 20/20 MP: 1/1
   179 | D:1      | Reached XP level 2. HP: 12/26 MP: 2/2
   754 | D:1      | Upgraded the game from 0.22.1 to 0.22.1-1-ga44c0e5
   933 | D:2      | Noticed Robin
  1000 | D:2      | Found an ancient bone altar of Kikubaaqudgha.
  1205 | D:2      | Reached XP level 3. HP: 31/31 MP: 3/3
  1281 | D:2      | Reached skill level 1 in Invocations
  1412 | D:2      | Reached skill level 1 in Long Blades
  1412 | D:2      | Reached skill level 1 in Axes
  1412 | D:2      | Reached skill level 1 in Maces & Flails
  1412 | D:2      | Reached skill level 1 in Polearms
  1412 | D:2      | Reached skill level 1 in Staves
  1412 | D:2      | Reached skill level 1 in Slings
  1412 | D:2      | Reached skill level 1 in Bows
  1412 | D:2      | Reached skill level 1 in Crossbows
  1412 | D:2      | Reached skill level 1 in Armour
  1412 | D:2      | Reached skill level 1 in Shields
  1412 | D:2      | Reached skill level 1 in Unarmed Combat
  1412 | D:2      | Reached skill level 1 in Spellcasting
  1412 | D:2      | Reached skill level 1 in Evocations
  1439 | D:2      | Reached XP level 4. HP: 35/38 MP: 5/5
  1481 | D:1      | Killed Robin
  2315 | D:2      | Reached skill level 1 in Conjurations
  2315 | D:2      | Reached skill level 1 in Hexes
  2315 | D:2      | Reached skill level 1 in Charms
  2315 | D:2      | Reached skill level 1 in Summonings
  2315 | D:2      | Reached skill level 1 in Necromancy
  2315 | D:2      | Reached skill level 1 in Translocations
  2315 | D:2      | Reached skill level 1 in Transmutations
  2315 | D:2      | Reached skill level 1 in Fire Magic
  2315 | D:2      | Reached skill level 1 in Ice Magic
  2315 | D:2      | Reached skill level 1 in Air Magic
  2315 | D:2      | Reached skill level 1 in Earth Magic
  2315 | D:2      | Reached skill level 1 in Poison Magic
  2399 | D:2      | Found a bloodstained altar of Trog.
  2415 | D:2      | Became a worshipper of Trog the Wrathful
  2996 | D:3      | Found a sparkling altar of Nemelex Xobeh.
  3146 | D:3      | Reached XP level 5. HP: 43/43 MP: 6/6
  3747 | D:3      | Reached * piety under Trog
  4087 | D:4      | Reached skill level 8 in Stealth
  4092 | D:4      | Reached XP level 6. HP: 44/50 MP: 8/8
  4300 | D:4      | Reached skill level 5 in Fighting
  4300 | D:4      | Reached skill level 5 in Short Blades
  4300 | D:4      | Reached skill level 5 in Throwing
  4574 | D:4      | Found Zin's Purification Station.
  4643 | D:4      | Found a glowing silver altar of Zin.
  5386 | D:5      | Entered Level 5 of the Dungeon
  5549 | D:5      | Reached XP level 7. HP: 50/56 MP: 10/10
  5661 | D:5      | Reached ** piety under Trog
  5911 | D:5      | Found a white marble altar of Elyvilon.
  6271 | D:5      | Reached XP level 8. HP: 34/63 MP: 12/12
  6983 | D:6      | Noticed Menkaure
  7000 | D:6      | HP: 2/63 [Menkaure/nerve-wracking pain (10)]
  7738 | D:6      | Noticed Pikel
  7752 | D:6      | Killed Pikel
  7804 | D:6      | Noticed Grinder
  7812 | D:6      | Paralysed by Grinder for 3 turns
  7824 | D:6      | Paralysed by Grinder for 4 turns
  7830 | D:6      | Paralysed by Grinder for 4 turns
  7839 | D:6      | Paralysed by Grinder for 7 turns
  7851 | D:6      | Killed Grinder
  7851 | D:6      | Reached XP level 9. HP: 11/69 MP: 14/14
  8489 | D:7      | Found a transporter.
  8489 | D:7      | Noticed Bugsquash's ghost (novice OpAs)
  8710 | D:7      | Found a staircase to the Ecumenical Temple.
  8716 | Temple   | Entered the Ecumenical Temple
  9504 | D:7      | Found a transporter.
 10250 | D:8      | Found a staircase to the Lair.
 10286 | D:8      | Found a sparkling altar of Nemelex Xobeh.
 10295 | D:8      | Found a sacrificial altar of Ru.
 10304 | D:8      | Found a shattered altar of Ashenzari.
 10313 | D:8      | Found a deep blue altar of Sif Muna.
 10356 | D:8      | Found an ornate altar of the Wu Jian Council.
 10423 | D:8      | Reached *** piety under Trog
 10423 | D:8      | Reached skill level 5 in Dodging
 10505 | D:8      | Reached skill level 9 in Stealth
 10678 | D:8      | Reached skill level 5 in Invocations
 10971 | D:8      | Found a shimmering altar of Xom.
 10971 | D:8      | Found a burning altar of Makhleb.
 11041 | D:8      | Reached XP level 10. HP: 70/77 MP: 17/17
 11377 | Lair:1   | Entered Level 1 of the Lair of Beasts
 11406 | Lair:1   | Mangled by a komodo dragon

Skill      XL: |  1  2  3  4  5  6  7  8  9 10 |
---------------+-------------------------------+-----
Invocations    | 1 2 3 4 5 |  5.3
Long Blades    | 1 2 3 4 |  4.8
Axes           | 1 2 3 4 |  4.8
Maces & Flails | 1 2 3 4 |  4.8
Polearms       | 1 2 3 4 |  4.8
Staves         | 1 2 3 4 |  4.8
Slings         | 1 2 3 4 |  4.8
Bows           | 1 2 3 4 |  4.8
Crossbows      | 1 2 3 4 |  4.8
Armour         | 1 2 3 4 |  4.8
Shields        | 1 2 3 4 |  4.8
Unarmed Combat | 1 2 3 4 |  4.8
Spellcasting   | 1 2 3 4 |  4.8
Evocations     | 1 2 3 4 |  4.8
Conjurations   | 1 2 3 4 |  4.0
Hexes          | 1 2 3 4 |  4.0
Charms         | 1 2 3 4 |  4.0
Summonings     | 1 2 3 4 |  4.0
Necromancy     | 1 2 3 4 |  4.0
Translocations | 1 2 3 4 |  4.0
Transmutations | 1 2 3 4 |  4.0
Fire Magic     | 1 2 3 4 |  4.0
Ice Magic      | 1 2 3 4 |  4.0
Air Magic      | 1 2 3 4 |  4.0
Earth Magic    | 1 2 3 4 |  4.0
Poison Magic   | 1 2 3 4 |  4.0
Dodging        | 3 4 5 |  5.5
Stealth        | 8 9 |  9.2
Fighting       | 5 6 |  6.7
Short Blades   | 5 6 |  6.7
Throwing       | 5 6 |  6.7

Action                   |  1- 3 |  4- 6 |  7- 9 | 10-12 || total
-------------------------+-------+-------+-------+-------++-------
Melee: Dagger            |    83 |   318 |     7 |       ||   408
       Bite              |     7 |    47 |    57 |     5 ||   116
       Short sword       |       |    28 |       |       ||    28
       Punch             |       |     3 |     5 |       ||     8
       Rapier            |       |    52 |   287 |    11 ||   350
       Whip              |       |       |    72 |       ||    72
       Flail             |       |       |       |    15 ||    15
 Fire: Blowgun           |    10 |    59 |   165 |       ||   234
Throw: Stone             |       |    11 |    17 |       ||    28
       Tomahawk          |       |       |     6 |     3 ||     9
Invok: Berserk           |       |       |     3 |       ||     3
  Use: Scroll            |       |     6 |    11 |     2 ||    19
       Potion            |       |       |     1 |       ||     1
 Stab: Sleeping          |     7 |     7 |     1 |       ||    15
       Distracted        |     1 |       |       |       ||     1
  Eat: Chunk             |     2 |     3 |     4 |       ||     9
       Ration            |       |     3 |     6 |       ||     9
Armor: Robe              |     2 |       |       |       ||     2
       Ring mail         |    14 |   101 |    61 |    11 ||   187
       Chain mail        |       |       |   111 |       ||   111
       Scale mail        |       |       |     5 |       ||     5
Dodge: Dodged            |    42 |   204 |   205 |    38 ||   489
